Map: Torres crepusculares

Players

xXkazperXx

  • Race: Zerg Zerg

RANURA DE IA (Difícil) - Winner!

  • Race: Protoss Protoss

VOD

Have the link to the VOD?

Description

Time

  • Played on: March 4, 2016, 2:18 a.m.
  • Length: 38:45
Show
View Real Time Build Order
Export as new Build Order

xXkazperXx Zerg 

Build Orders: Pool First 

Get SALT Encoding   

  12  0:03  Drone  
  13  0:13  Drone  
  14  0:17  Overlord  
  14  0:37  Drone x2  
  17  0:50  Drone x2  
  18  0:57  Extractor  
  17  1:04  Drone  
  18  1:16  Overlord  
  18  1:28  Drone  
  19  1:43  Spawning Pool, Drone x2  
  20  1:59  Overlord  
  20  2:08  Drone  
  21  2:34  Lair  
  21  2:35  Roach Warren  
  20  2:38  Zergling x6  
  23  2:45  Metabolic Boost  
  23  3:05  Extractor  
  22  3:27  Roach x3  
  22  3:32  Queen  
  30  3:48  Drone  
  30  3:56  Hydralisk Den  
  29  4:08  Roach x2  
  33  4:20  Hatchery  
  32  4:25  Queen  
  34  4:34  Hydralisk  
  34  4:36  Overlord x2  
  36  4:46  Zergling x2  
  37  5:02  Hatchery  
  36  5:16  Drone x3  
  39  5:32  Zergling x4  
  30  5:58  Hydralisk x2  
  34  6:13  Drone x3  
  37  6:24  Zergling x4  
  37  6:25  Zergling x2  
  40  6:46  Baneling Nest  
  39  6:48  Zergling x4  
  39  6:51  Drone  
  39  6:52  Drone x4  
  46  6:54  Drone x2  
  46  6:55  Drone  
  46  7:01  Queen  
  49  7:08  Lurker Den  
  51  7:11  Glial Reconstitution  
  51  7:26  Drone x2  
  53  7:42  Burrow  
  54  7:44  Drone x3  
  54  7:50  Zergling x6  
  59  7:53  Hydralisk x3  
  65  7:59  Overlord x2  
  65  8:10  Centrifical Hooks  
  65  8:13  Zergling x2  
  66  8:29  Spire  
  66  8:31  Drone x4  
  66  8:32  Drone  
  71  8:41  Drone x3  
  73  8:53  Pneumatized Carapace  
  73  8:56  Hatchery  
  73  9:02  Roach x3  
  78  9:08  Drone  
  78  9:09  Drone x2  
  81  9:12  Drone  
  81  9:15  Overlord x2  
  81  9:16  Overlord  
  59  9:59  Zergling x6  
  62  10:01  Hydralisk  
  62  10:02  Hydralisk x3  
  62  10:06  Hydralisk x3  
  76  10:14  Extractor  
  76  10:15  Drone  
  76  10:20  Drone  
  77  10:23  Extractor  
  77  10:27  Extractor  
  75  10:40  Mutalisk x3  
  81  10:45  Drone x3  
  81  10:49  Queen  
  86  11:01  Drone x3  
  89  11:08  Zergling x4  
  91  11:16  Drone x2  
  93  11:24  Spine Crawler  
  92  11:31  Drone x2  
  92  11:32  Spine Crawler  
  93  11:38  Drone x6  
  99  11:52  Zergling x4  
  101  12:03  Extractor  
  100  12:10  Spine Crawler  
  99  12:22  Hydralisk x2  
  99  12:23  Zergling x14  
  99  12:24  Zergling x2  
  99  12:27  Roach x2, Hydralisk  
  99  12:28  Hydralisk  
  111  12:30  Overlord x3  
  111  12:54  Mutalisk x6  
  111  12:58  Drone x8  
  112  14:28  Overseer  
  112  14:30  Drone x2  
  112  14:31  Drone x4  
  118  15:04  Hatchery  
  117  15:12  Zergling x14  
  117  15:13  Zergling x2  
  125  15:18  Mutalisk x2  
  125  15:19  Mutalisk x3  
  135  15:21  Overlord  
  135  15:24  Overlord x6  
  135  15:30  Extractor  
  135  15:35  Extractor  
  133  16:04  Spine Crawler  
  133  16:08  Drone  
  133  16:19  Hydralisk  
  133  16:20  Hydralisk x2  
  133  16:23  Hydralisk x2  
  133  16:24  Hydralisk  
  145  16:26  Hydralisk x3  
  151  16:47  Drone x2  
  151  16:49  Mutalisk x4  
  151  16:53  Roach x2  
  165  16:55  Overlord x4  
  165  16:59  Mutalisk  
  165  17:00  Mutalisk  
  169  17:28  Evolution Chamber  
  168  17:47  Drone x3  
  123  18:13  Spore Crawler  
  120  18:26  Hydralisk x4  
  126  18:29  Mutalisk x2  
  126  18:30  Mutalisk  
  134  18:34  Hydralisk x2  
  134  18:35  Hydralisk  
  141  19:10  Drone x3  
  143  19:42  Hydralisk x6  
  155  19:49  Baneling x6  
  155  19:50  Baneling x10  
  155  19:51  Baneling x4  
  155  19:52  Baneling  
  155  19:53  Baneling  
  155  19:54  Baneling x2  
  155  20:03  Hatchery  
  155  20:06  Extractor  
  153  20:08  Extractor  
  152  20:14  Extractor  
  151  20:27  Mutalisk  
  151  20:28  Mutalisk x2  
  158  20:35  Zergling x4  
  158  20:36  Zergling x2  
  85  22:10  Mutalisk x3  
  91  22:35  Drone x3  
  94  22:42  Roach x2  
  94  22:43  Zergling x6  
  94  22:44  Zergling x6  
  104  22:48  Hydralisk x4  
  104  22:49  Hydralisk x7  
  126  22:55  Zerg Flyer Weapons Level 1  
  126  23:13  Queen  
  128  23:27  Hydralisk x3  
  128  23:31  Zergling x12  
  128  23:33  Hydralisk x3  
  146  23:35  Mutalisk x3  
  146  23:39  Roach x6  
  116  25:01  Hydralisk x3  
  116  25:06  Queen  
  124  25:08  Hydralisk x3  
  130  25:15  Mutalisk x3  
  130  25:16  Mutalisk x2  
  130  25:17  Mutalisk  
  142  25:22  Mutalisk x3  
  148  25:32  Mutalisk x3  
  154  25:52  Hydralisk  
  154  25:53  Hydralisk x4  
  154  25:56  Zergling x8  
  154  25:57  Zergling x2  
  169  25:59  Roach x2  
  169  26:00  Roach x3  
  169  26:01  Hydralisk x3  
  185  26:08  Mutalisk x4  
  185  26:09  Mutalisk  
  195  26:34  Infestation Pit  
  194  27:08  Lurker x4  
  197  27:12  Ravager  
  199  27:29  Hive  
  176  28:07  Hydralisk  
  176  28:08  Hydralisk x4  
  176  28:10  Zergling x6  
  176  28:11  Mutalisk x3  
  195  28:14  Roach x2  
  103  30:49  Hydralisk x3  
  99  30:55  Mutalisk  
  99  30:56  Mutalisk x2  
  107  31:01  Mutalisk x3  
  107  31:03  Hydralisk  
  107  31:04  Hydralisk x2  
  103  31:19  Hydralisk x3  
  109  31:30  Neural Parasite  
  109  31:42  Hydralisk  
  109  31:43  Hydralisk x2  
  109  31:46  Hydralisk x5  
  121  31:49  Zergling x10  
  121  31:51  Hydralisk x5  
  140  31:54  Hydralisk x3  
  140  31:56  Mutalisk x2  
  150  32:03  Queen  
  152  32:18  Mutalisk x5  
  162  32:34  Hydralisk x2  
  162  32:35  Hydralisk  
  168  32:38  Roach x3  
  168  32:42  Roach  
  168  32:43  Zergling x4, Roach x3  
  184  32:46  Mutalisk x3  
  184  32:49  Pathogen Glands  
  190  32:57  Lair  
  190  33:15  Ultralisk Cavern  
  189  33:23  Hydralisk x3  
  189  33:27  Zergling x6  
  197  33:28  Zergling x4  
  200  33:46  Extractor  
  199  33:52  Ravager  
  200  34:20  Overseer  
  79  34:50  Mutalisk  
  79  34:51  Mutalisk x5  
  91  34:53  Hydralisk  
  91  34:54  Hydralisk x2  
  91  34:56  Hydralisk x3  
  103  35:00  Ultralisk x3  
  91  35:26  Zergling x4  
  93  35:29  Hydralisk x2  
  93  35:31  Mutalisk x2  
  93  35:34  Mutalisk x7  
  93  35:35  Mutalisk x2  
  57  36:12  Ultralisk Cavern  
  57  36:18  Mutalisk x8  
  57  36:25  Zergling x6  
  74  36:29  Zergling x6  
  74  36:30  Zergling x6  
  80  36:35  Zergling x4  
  80  36:36  Zergling x2  
  80  36:38  Zergling x4  
  85  37:01  Zergling x2  
  85  37:02  Zergling x2  
  85  37:06  Zergling x10  
  92  37:08  Zergling x2  
  92  37:09  Zergling x8  
  92  37:14  Zergling x2  
  92  37:15  Zergling x4  
  52  37:41  Baneling  
  52  37:42  Baneling x3  
  47  38:02  Zergling x6  
  46  38:22  Baneling x6  
Show
View Real Time Build Order
Export as new Build Order

RANURA DE IA (Difícil) Protoss - Winner!

Build Orders:  

Get SALT Encoding   

  12  0:01  Probe (Chrono Boost)  
  13  0:11  Probe (Chrono Boost)  
  14  0:20  Pylon  
  14  0:22  Probe (Chrono Boost)  
  15  0:38  Probe (Chrono Boost)  
  16  0:47  Assimilator  
  16  0:49  Gateway, Probe (Chrono Boost)  
  17  1:00  Probe (Chrono Boost), Pylon  
  18  1:10  Probe (Chrono Boost)  
  19  1:22  Probe (Chrono Boost)  
  20  1:36  Zealot  
  22  1:40  Cybernetics Core  
  22  1:42  Gateway  
  22  1:46  Assimilator  
  22  2:01  Pylon  
  22  2:03  Zealot  
  24  2:14  Warp Gate  
  24  2:28  Stalker  
  24  2:34  Stalker  
  28  2:45  Pylon  
  28  2:56  Probe (Chrono Boost)  
  28  2:57  Stalker  
  29  3:04  Stalker  
  33  3:07  Probe (Chrono Boost)  
  34  3:15  Forge  
  35  3:20  Probe (Chrono Boost)  
  35  3:26  Adept  
  35  3:32  Stalker, Probe (Chrono Boost)  
  40  3:37  Pylon  
  40  3:44  Probe (Chrono Boost)  
  42  3:55  Probe (Chrono Boost)  
  42  4:58  Protoss Ground Weapons Level 1  
  42  5:02  Sentry  
  42  5:05  Gateway  
  44  5:09  Robotics Facility, Nexus  
  44  5:11  Stalker  
  44  5:13  Pylon  
  46  5:14  Photon Cannon  
  46  5:18  Photon Cannon  
  46  5:24  Sentry  
  48  5:31  Twilight Council  
  48  5:34  Adept  
  50  5:47  Zealot  
  46  5:56  Observer, Zealot  
  45  6:02  Blink  
  39  6:06  Stalker  
  41  6:15  Stalker  
  41  6:17  Observer  
  44  6:23  Probe (Chrono Boost)  
  44  6:24  Stalker, Probe (Chrono Boost)  
  48  6:27  Assimilator  
  48  6:34  Stalker  
  48  6:35  Probe (Chrono Boost)  
  48  6:36  Probe (Chrono Boost)  
  52  6:42  Protoss Ground Armor Level 1  
  52  6:43  Stalker  
  52  6:46  Probe (Chrono Boost)  
  55  6:48  Probe (Chrono Boost)  
  55  6:53  Adept  
  58  6:58  Probe (Chrono Boost)  
  58  6:59  Probe (Chrono Boost)  
  60  7:06  Pylon  
  61  7:09  Probe (Chrono Boost)  
  61  7:10  Pylon  
  61  7:12  Probe (Chrono Boost)  
  62  7:21  Stargate, Probe (Chrono Boost)  
  64  7:23  Probe (Chrono Boost)  
  64  7:32  Probe (Chrono Boost)  
  64  7:33  Photon Cannon  
  64  7:35  Probe (Chrono Boost)  
  66  7:43  Photon Cannon, Probe (Chrono Boost)  
  67  7:46  Probe (Chrono Boost)  
  68  7:54  Forge, Probe (Chrono Boost)  
  68  7:58  Probe (Chrono Boost)  
  71  8:05  Probe (Chrono Boost)  
  71  8:27  Assimilator  
  71  8:54  Warp Prism  
  71  8:56  Adept  
  71  9:01  Gateway  
  75  9:05  Robotics Facility, Adept, Stargate  
  75  9:06  Nexus  
  77  9:15  Adept  
  79  9:20  Oracle  
  79  9:24  Adept, Pylon  
  82  9:28  Warp Prism  
  84  9:33  Zealot  
  74  9:43  Sentry  
  68  9:49  Warp Prism  
  68  9:52  Adept  
  70  10:01  Adept  
  70  10:02  Observer  
  73  10:11  Stalker  
  73  10:12  Pylon  
  75  10:20  Zealot  
  77  10:22  Probe (Chrono Boost)  
  77  10:26  Probe x2 (Chrono Boost)  
  77  10:28  Protoss Ground Weapons Level 2  
  80  10:29  Stalker  
  80  10:32  Protoss Ground Armor Level 2  
  80  10:33  Probe (Chrono Boost)  
  83  10:37  Probe (Chrono Boost)  
  83  10:39  Stalker, Probe (Chrono Boost)  
  87  10:45  Probe (Chrono Boost)  
  87  10:46  Void Ray  
  87  10:48  Robotics Bay, Probe (Chrono Boost)  
  93  10:50  Probe (Chrono Boost)  
  93  10:53  Fleet Beacon  
  95  11:04  Probe (Chrono Boost)  
  95  11:05  Probe (Chrono Boost)  
  95  11:07  Probe (Chrono Boost)  
  97  11:15  Probe (Chrono Boost)  
  98  11:20  Assimilator  
  98  11:21  Probe (Chrono Boost)  
  98  11:23  Probe (Chrono Boost)  
  100  11:25  Assimilator  
  100  11:30  Observer Gravitic Boosters  
  100  11:33  Tempest  
  104  11:40  Pylon  
  104  11:41  Colossus, Protoss Air Weapons Level 1, Pylon  
  110  12:03  Photon Cannon  
  110  12:06  Photon Cannon  
  110  12:18  Templar Archives  
  110  12:23  Gravitic Drive  
  110  12:26  Dark Shrine  
  110  12:31  Protoss Shields Level 1  
  110  12:52  Nexus  
  110  13:23  Protoss Air Armor Level 1  
  110  13:28  Phoenix  
  110  13:33  Carrier  
  112  13:34  Pylon  
  112  13:37  Stargate  
  112  13:47  Void Ray  
  122  13:57  Pylon  
  122  13:59  Graviton Catapult  
  122  14:13  Assimilator  
  122  14:15  Tempest, Pylon  
  89  14:20  Assimilator  
  89  14:22  Carrier  
  85  14:27  Stargate  
  91  14:40  Pylon  
  91  14:54  Tempest  
  91  14:59  Protoss Shields Level 2  
  95  15:00  Photon Cannon  
  95  15:01  Photon Cannon, Void Ray  
  95  15:02  Protoss Air Weapons Level 2  
  99  15:12  Phoenix  
  101  15:26  Carrier  
  101  15:37  Void Ray  
  111  15:52  Observer  
  111  16:06  Protoss Ground Weapons Level 3  
  111  17:01  Protoss Ground Armor Level 3  
  111  17:09  Protoss Air Armor Level 2  
  111  17:16  Nexus  
  111  17:20  Stalker  
  113  17:26  Zealot  
  115  17:33  Stalker  
  117  17:39  Stalker  
  119  17:45  Sentry  
  119  17:49  Colossus  
  121  17:58  Zealot  
  121  18:05  Stalker  
  111  18:11  Stalker  
  97  18:18  Stalker  
  97  18:19  Observer  
  93  18:24  Sentry  
  95  18:28  Protoss Shields Level 3  
  95  18:31  Sentry  
  97  18:35  Extended Thermal Lance  
  97  18:37  Adept  
  97  18:40  Colossus  
  97  18:41  Assimilator  
  99  18:42  Pylon  
  99  18:43  Carrier  
  99  18:46  Pylon  
  105  18:48  Assimilator  
  105  18:51  Void Ray  
  111  18:56  Carrier  
  115  19:07  Photon Cannon  
  115  19:09  Protoss Air Weapons Level 3  
  121  19:10  Photon Cannon  
  121  21:10  Zealot  
  123  21:14  Zealot  
  123  21:17  Zealot  
  127  21:21  Adept, Void Ray  
  127  21:22  Void Ray  
  133  21:28  Protoss Air Armor Level 3  
  137  21:43  Nexus  
  137  21:46  Zealot  
  123  21:49  Zealot  
  123  21:53  Sentry  
  113  21:57  Void Ray, Sentry  
  109  22:05  Stalker  
  111  22:09  Stalker  
  111  22:15  Adept  
  109  22:18  Stalker  
  105  22:26  Stalker  
  107  22:30  Stalker  
  109  23:04  Assimilator  
  109  23:07  Pylon  
  109  23:09  Pylon  
  109  23:10  Assimilator  
  109  23:32  Photon Cannon  
  109  23:34  Photon Cannon  
  109  24:01  Tempest  
  113  24:14  Phoenix  
  113  24:24  Tempest  
  119  24:35  Phoenix  
  95  24:43  Observer x2, Tempest  
  81  24:52  Tempest  
  89  25:02  Tempest  
  89  25:12  Void Ray  
  97  25:22  Void Ray  
  101  25:32  Void Ray  
  105  26:08  Nexus  
  105  27:29  Assimilator  
  105  27:37  Pylon  
  105  27:39  Void Ray, Pylon  
  99  27:44  Oracle  
  99  27:45  Stalker, Probe (Chrono Boost)  
  99  27:46  Assimilator, Observer  
  99  27:48  Zealot  
  99  27:49  Immortal  
  94  27:51  Probe (Chrono Boost)  
  94  27:56  Stalker  
  94  27:57  Void Ray  
  88  28:00  Pylon  
  88  28:01  Pylon  
  88  28:03  Photon Cannon, Zealot  
  88  28:05  Photon Cannon  
  85  28:06  Observer  
  85  28:07  Phoenix  
  88  28:23  Immortal  
  96  28:28  Phoenix  
  96  28:32  Psionic Storm  
  100  28:37  High Templar, Oracle  
  100  28:38  Immortal  
  104  28:48  Zealot  
  96  28:51  Void Ray  
  96  28:55  Probe (Chrono Boost), Zealot  
  88  28:59  Observer  
  88  29:01  Stalker  
  88  29:02  Pylon  
  81  29:08  Zealot  
  81  29:10  Void Ray  
  81  29:14  Warp Prism  
  81  29:22  Stalker  
  81  29:26  Zealot  
  81  29:30  Probe (Chrono Boost)  
  81  29:31  Oracle  
  79  29:33  Zealot  
  79  29:37  Zealot  
  86  29:42  Pylon  
  86  29:43  Pylon  
  86  29:44  Zealot  
  82  29:48  Zealot  
  82  29:49  Observer  
  79  29:56  Zealot  
  79  29:59  Immortal  
  85  30:00  Zealot  
  91  30:08  Observer  
  91  30:11  Stalker  
  94  30:16  Pylon  
  94  30:18  Stalker  
  92  30:32  High Templar  
  92  30:34  Warp Prism  
  98  30:39  Pylon  
  98  30:40  High Templar  
  98  30:49  Archon  
  98  30:51  Void Ray  
  98  30:53  Pylon  
  98  30:56  Pylon  
  93  31:01  Void Ray  
  91  31:04  Nexus  
  91  31:06  Warp Prism  
  91  31:19  High Templar  
  91  31:25  Photon Cannon  
  93  31:28  Zealot  
  93  31:30  Immortal  
  93  31:31  Oracle, Pylon  
  95  31:33  Carrier  
  95  31:39  Colossus  
  110  31:47  Stalker  
  110  31:51  High Templar  
  114  31:59  Archon  
  114  32:06  Adept  
  116  32:10  Sentry  
  116  32:14  Adept  
  120  32:16  Pylon  
  120  32:20  Sentry  
  122  32:24  Stalker  
  124  32:30  Stalker  
  124  32:34  Zealot  
  128  32:41  Zealot  
  130  32:45  Adept  
  130  32:50  Adept, Resonating Glaives  
  134  32:54  Adept  
  134  32:55  Pylon  
  134  32:58  Assimilator, Pylon  
  136  32:59  High Templar  
  136  33:00  Assimilator  
  136  33:02  Adept  
  140  33:08  Adept  
  140  33:12  Stalker  
  144  33:20  Photon Cannon  
  144  33:22  Photon Cannon  
  144  34:00  Nexus  
  135  34:41  Disruptor  
  135  34:45  Disruptor  
  138  34:50  Tempest  
  141  34:59  Stalker  
  147  35:04  Sentry, Tempest  
  149  35:12  Disruptor  
  149  35:14  Void Ray  
  153  35:16  Disruptor  
  159  35:45  Assimilator  
  159  35:51  Pylon  
  159  35:52  Pylon  
  159  35:54  Assimilator  
  159  36:04  Stalker  
  153  37:27  Stalker  
  153  38:03  Nexus  
  153  38:24  Zealot  
  155  38:27  Zealot  
Tags
 
Add a new tag
Caveats
  • Supply blocks, unpowered buildings, or Contaminate may cause inaccurate times.
  • Supply counts are checked every 10 seconds.